AoeStats
← MZTK | GaboxNet .i.

Arabia

504713402Analyzed
1v1 RM · 26d ago on Sep 6, 2026· 51m 25s· 2 players
Game mode
Random Map
Map size
Tiny (2 player)
Population
200
Speed
Normal
Resources
Standard
Victory
Conquest
Starting age
Dark Age
Ending age
Imperial Age
RankedLock teamsTeams togetherTeam positionsShared explorationLock speedFull tech treeHidden civsTurbo modeCheats
Victory
Defeat
🇲🇽 Malians · Mexico
1141
+16
🇳🇱 Portuguese · Netherlands
1138
-16
Raudius
6:22 Loom
9:37 Feudal Age
13:29 Horse Collar
17:06 Gold Mining
23:41 Castle Age
21:45 Double-Bit Axe
23:43 Pikeman
25:03 Scale Mail Armor
33:55 Imperial Age
34:10 Bow Saw
36:57 Chemistry
42:06 Scale Barding Armor
43:19 Bloodlines
47:06 Chemistry
46:00 Cavalier
47:33 Forging
MZTK | GaboxNet .i.
7:04 Loom
9:21 Feudal Age
9:24 Man-at-Arms
13:13 Double-Bit Axe
14:22 Arson
16:13 Scale Mail Armor
23:27 Castle Age
22:52 Forging
23:28 Long Swordsman
24:25 Chain Mail Armor
24:51 Squires
27:49 Wheelbarrow
27:39 Bow Saw
31:24 Horse Collar
34:02 Heavy Plow
34:56 Iron Casting
36:23 Hand Cart
44:05 Imperial Age
44:13 Two-Handed Swordsman
44:15 Onager
45:42 Plate Mail Armor
45:02 Champion
47:29 Town Watch
47:31 Siege Onager
49:15 Chemistry
48:35 Ballistics
Connection lost

Rejoining the realm…

Still unreachable

The connection could not be restored.

Session expired

The server has moved on; the page needs a fresh start.